 Dungeon Crawl Stone Soup version 0.26-a0-1101-g8f9f7f7418 (webtiles) character file.

Game seed: 2189179683640896539

30399 HoaS the Bludgeoner (level 13, -3/74 HPs)
             Began as a Gargoyle Fighter on Dec 15, 2020.
             Was a High Priest of Makhleb.
             Splashed by an oklob plant's acid (16 damage)
             ... on level 4 of the Lair of Beasts.
             The game lasted 00:39:47 (13779 turns).

HoaS the Bludgeoner (Gargoyle Fighter)             Turns: 13779, Time: 00:39:47

Health: -3/74      AC: 23    Str: 23    XL:     13   Next: 51%
Magic:  13/13      EV:  8    Int: 10    God:    Makhleb [*****.]
Gold:   1424       SH: 14    Dex: 16    Spells: 12/12 levels left

rFire    . . .     SeeInvis .   I - +0 morningstar
rCold    . . .     Faith    .   c - +0 kite shield
rNeg     + . .     Spirit   .   x - +0 plate armour
rPois    ∞         Reflect  .   b - +1 helmet
rElec    +         Harm     .   y - +0 cloak
rCorr    .         Rampage  .   t - +1 pair of gloves
Will     .....                  (no boots)
Stlth    ..........             m - amulet of regeneration
HPRegen  0.62/turn              e - +4 ring of protection
MPRegen  0.13/turn              j - +6 ring of dexterity

@: corroded, slowed, very slow
A: negative energy resistance 1, electricity resistance, unbreathing,
petrification resistance, miasma immunity, AC +9
a: Minor Destruction, Lesser Servant of Makhleb, Major Destruction, Greater
Servant of Makhleb, Renounce Religion


You were on level 4 of the Lair of Beasts.
You worshipped Makhleb.
Makhleb was extremely pleased with you.
You visited 3 branches of the dungeon, and saw 16 of its levels.
You visited the Abyss 1 time.
You also visited: Ossuary and Bailey.

You collected 1424 gold pieces.

Inventory:

Hand Weapons
 I - a +0 morningstar (weapon)
Armour
 b - a +1 helmet (worn)
 c - a +0 kite shield (worn)
 t - a +1 pair of gloves (worn)
 x - a +0 plate armour (worn)
 y - a +0 cloak (worn)
Jewellery
 e - a +4 ring of protection (left hand)
 j - a +6 ring of dexterity (right hand)
 m - an amulet of regeneration (around neck)
 D - an uncursed ring of stealth
 E - an uncursed ring of positive energy
 H - an uncursed ring of willpower
Wands
 f - a wand of digging (4)
 o - a wand of acid (35) (quivered)
 z - a wand of paralysis (12)
 F - a wand of iceblast (13)
 G - a wand of enslavement (16)
 M - a wand of flame (12)
Scrolls
 h - 3 scrolls of fear
 i - 2 scrolls of identify
 l - 3 scrolls of enchant weapon
 q - 6 scrolls of teleportation
 u - 2 scrolls of fog
 w - 6 scrolls of remove curse
 A - 2 scrolls of blinking
 J - a scroll of silence
Potions
 a - 2 potions of heal wounds
 d - a potion of might
 g - 7 potions of curing
 k - 4 potions of ambrosia
 n - 4 potions of haste
 p - 4 potions of lignification
 r - 3 potions of attraction
 s - 4 potions of flight
 v - a potion of cancellation {unknown}
 B - a potion of degeneration {unknown}
 C - a potion of berserk rage {unknown}
 K - a potion of invisibility {unknown}
 N - a potion of resistance {unknown}


   Skills:
 * Level 5.9 Fighting
 - Level 16.0 Maces & Flails
 + Level 4.7 Armour
 + Level 2.3 Dodging
 - Level 15.0 Shields


You had 12 spell levels left.
You didn't know any spells.
Your spell library contained the following spells:

 Spells                   Type           Power        Failure   Level
 Summon Small Mammal      Summ           #...         100%        1
 Call Imp                 Summ           #.......     100%        2
 Call Canine Familiar     Summ           #.......     100%        3
 Summon Guardian Golem    Hex/Summ       #.......     100%        3
 Summon Ice Beast         Ice/Summ       #.......     100%        4
 Summon Lightning Spire   Summ/Air       #.......     100%        4


Dungeon Overview and Level Annotations

Branches:
Dungeon (11/15)            Temple (1/1) D:7            Lair (4/6) D:11
  Swamp (0/4) Lair:4          Orc (0/2) D:10        Ossuary (visited)
 Bailey (visited)
  Snake: Lair:2-4    Spider: Lair:2-4

Altars:
Ashenzari
Cheibriados
Dithmenos
Elyvilon
Fedhas
Gozag
Hepliaklqana
Kikubaaqudgha
Makhleb
Nemelex Xobeh
Okawaru
Qazlal
Ru
Sif Muna
Trog
Uskayaw
Vehumet
Wu Jian
Xom
Yredelemnul
Zin
The Shining One

Shops:
D:5 :

Annotations:
Lair:2 2 transporters
Lair:4 exclusion: oklob plant


Innate Abilities, Weirdness & Mutations

You are resistant to torment.
Your stone body is resilient. (AC +9)
You are immune to poison.
You resist negative energy. (rN+)
You are resistant to electric shocks. (rElec)
You can survive without breathing.
You are immune to petrification.
You are immune to miasma.


Message History

The swamp worm bites you but does no damage.
You block the bog body's attack.
You impale the swamp worm!!
The swamp worm is severely wounded.
The swamp worm bites you but does no damage.
The bog body completely misses you.
The swamp worm bites you but does no damage.
You barely miss the swamp worm.
The swamp worm is severely wounded.
Your surroundings suddenly seem different.
The oklob plant spits acid at you. You block the splash of acid.
The oklob plant spits acid at you.
The splash of acid hits you but does no damage.
The acid corrodes you!
You are splashed with acid!
The oklob plant spits acid at you. The splash of acid hits you!
* * * LOW HITPOINT WARNING * * *
The acid corrodes you!
You are splashed with acid!
You die...

#............###$..###......##
#.....[...........###.......# ###
#...##...................##.###.#
##.###.##....P........P#....^....
#.#..#........#.#...####........
##.#.........P....P.#.......###.
##<..........P....P..........# ##
......(.†....P..[...#........# ##
P.......†.......@...##......## #.
##.P...##..#.....>P.##..)...# ##
##....#...##P.........P...##
#....##...........####...##
#...#.#........##.# #....#
#P.##.........## ## ##...#
#...[.......### #...#
##.......#### ##### #.....#P#


You could see an oklob plant.

Vanquished Creatures
  Snorg (D:11)
  Josephine (D:11)
  2 hydras
  Erica (Lair:2)
  2 two-headed ogres
  A thrashing horror (Abyss:1)
  2 unseen horrors (D:11)
  A bog body (Lair:4)
  A cyclops (D:9)
  2 black mambas
  A torpor snail (Lair:2)
  7 cane toads
  2 rime drakes
  9 komodo dragons
  Grinder (D:5)
  19 blink frogs
  5 wraiths (D:11)
  35 yaks
  2 wyverns
  A basilisk (Lair:3)
  A swamp worm (Lair:4)
  7 water moccasins
  A black bear (D:8)
  5 ogres
  6 orc warriors
  2 ice beasts
  2 sky beasts
  A phantom (D:6)
  A necrophage (D:11)
  8 centaurs
  14 wolves
  Blork the orc (D:4)
  3 big kobolds
  14 bullfrogs
  2 wyvern zombies
  A wyvern skeleton (D:8)
  A scorpion (D:7)
  7 killer bees
  4 wights (D:11)
  2 howler monkeys
  2 electric eels
  6 orc priests
  2 bullfrog skeletons
  7 hounds
  7 orc wizards
  7 worker ants
  2 iguanas
  A big kobold zombie (Ossuary)
  A hound zombie (D:9)
  A hound skeleton (D:5)
  8 mummies (Ossuary)
  A howler monkey zombie (D:9)
  4 gnolls (D:7)
  A howler monkey skeleton (D:5)
  5 adders
  A shadow imp (D:5)
  A white imp (D:5)
  An ufetubus (D:10)
  4 adder skeletons
  3 adder zombies
  4 worms
  5 dart slugs
  5 leopard geckos
  24 orcs
  5 bats
  7 giant cockroaches
  A gnoll zombie (Ossuary)
  6 hobgoblins
  15 jackals
  3 quokkas
  2 ball pythons (D:3)
  7 frilled lizards
  8 goblins
  2 hobgoblin zombies (Ossuary)
  36 kobolds
  2 kobold zombies (Ossuary)
  2 orc zombies (Ossuary)
  6 rats
384 creatures vanquished.

Vanquished Creatures (others)
  A bush (Lair:2)
  13 fungi
  A lurking horror (Abyss:1)
  36 plants
51 creatures vanquished.

Grand Total: 435 creatures vanquished

Notes
Turn   | Place    | Note
-------+----------+-------------------------------------------
     0 | D:1      | HoaS the Gargoyle Fighter began the quest for the Orb.
     0 | D:1      | Reached XP level 1. HP: 14/14 MP: 1/1
   211 | D:1      | Reached XP level 2. HP: 13/19 MP: 2/2
   500 | D:1      | Reached skill level 3 in Maces & Flails
   500 | D:1      | Reached XP level 3. HP: 19/23 MP: 3/3
   896 | D:2      | Reached XP level 4. HP: 26/28 MP: 4/4
  1092 | D:2      | Reached skill level 4 in Maces & Flails
  1394 | D:3      | Reached XP level 5. HP: 32/32 MP: 5/5
  1748 | D:3      | Found a shimmering blue altar of Sif Muna.
  1916 | D:4      | Noticed Blork the orc
  1928 | D:4      | Killed Blork the orc
  1929 | D:4      | Reached skill level 5 in Maces & Flails
  1929 | D:4      | Reached skill level 5 in Shields
  1929 | D:4      | Reached XP level 6. HP: 36/37 MP: 6/6
  2070 | D:4      | Reached skill level 6 in Maces & Flails
  2070 | D:4      | Reached XP level 7. HP: 39/41 MP: 7/7
  2296 | D:4      | Found a radiant altar of Vehumet.
  2297 | D:4      | Found a shimmering altar of Xom.
  2405 | D:5      | Entered Level 5 of the Dungeon
  2457 | D:5      | Found a sand-covered staircase.
  2509 | Ossuary  | Entered an ossuary
  3457 | D:5      | Reached skill level 7 in Maces & Flails
  3462 | D:5      | Found an opulent altar of Gozag.
  3475 | D:5      | Found Qemos's Book Shop.
  3508 | D:5      | Noticed Grinder
  3531 | D:5      | Killed Grinder
  3532 | D:5      | Reached XP level 8. HP: 46/46 MP: 8/8
  3821 | D:5      | Reached skill level 8 in Maces & Flails
  4581 | D:6      | Reached skill level 9 in Maces & Flails
  4745 | D:6      | Reached XP level 9. HP: 51/51 MP: 9/9
  5335 | D:7      | Found a sacrificial altar of Ru.
  5521 | D:7      | Found a staircase to the Ecumenical Temple.
  5613 | D:7      | Reached skill level 10 in Maces & Flails
  5641 | Temple   | Entered the Ecumenical Temple
  5725 | Temple   | Became a worshipper of Makhleb the Destroyer
  5742 | D:7      | Found a sparkling altar of Nemelex Xobeh.
  6271 | D:8      | Cast into level 1 of the Abyss (orc warrior)
  6301 | Abyss:1  | Noticed a thrashing horror
  6316 | Abyss:1  | Killed a thrashing horror
  6398 | Abyss:1  | Noticed a deep elf sorcerer
  6399 | Abyss:1  | Noticed a cyan very ugly thing
  6402 | Abyss:1  | Noticed a cyan ugly thing
  6408 | Abyss:2  | Noticed a starcursed mass
  6412 | D:8      | Escaped the Abyss
  6422 | D:8      | Reached skill level 11 in Maces & Flails
  6463 | D:8      | Found a flagged portal.
  6474 | Bailey   | Entered a bailey
  6690 | Bailey   | Noticed an orc knight
  6690 | Bailey   | Noticed an orc knight
  6822 | D:8      | Reached XP level 10. HP: 56/56 MP: 10/10
  6980 | D:8      | Noticed a two-headed ogre
  6996 | D:8      | Killed a two-headed ogre
  7369 | D:9      | Noticed a cyclops
  7373 | D:9      | Killed a cyclops
  7374 | D:9      | Reached skill level 12 in Maces & Flails
  7374 | D:9      | Reached skill level 10 in Shields
  7376 | D:9      | Reached * piety under Makhleb
  7589 | D:9      | You fall into a shaft and drop 2 floors!
  7592 | D:11     | Noticed Snorg
  7609 | D:11     | Killed Snorg
  7640 | D:11     | Noticed Josephine
  7655 | D:11     | Reached skill level 13 in Maces & Flails
  7675 | D:11     | Killed Josephine
  7676 | D:11     | Reached XP level 11. HP: 60/60 MP: 11/11
  7698 | D:10     | Entered Level 10 of the Dungeon
  7840 | D:9      | Reached ** piety under Makhleb
  8295 | D:10     | Found a staircase to the Orcish Mines.
  8766 | D:10     | Found a stormy altar of Qazlal.
  9290 | D:11     | Noticed a two-headed ogre
  9295 | D:11     | Killed a two-headed ogre
  9424 | D:11     | Found a staircase to the Lair.
  9662 | D:11     | Reached skill level 14 in Maces & Flails
  9673 | D:11     | Found a white marble altar of Elyvilon.
  9708 | D:11     | Killed an unseen horror
  9999 | D:11     | Killed an unseen horror
 10237 | Lair:1   | Entered Level 1 of the Lair of Beasts
 10456 | Lair:1   | Reached *** piety under Makhleb
 10474 | Lair:1   | Reached XP level 12. HP: 64/64 MP: 12/12
 10566 | Lair:1   | Reached skill level 15 in Maces & Flails
 11472 | Lair:2   | Found a transporter.
 11474 | Lair:2   | Found a transporter.
 11485 | Lair:2   | Noticed a boulder beetle
 11485 | Lair:2   | Noticed a boulder beetle
 11531 | Lair:2   | Noticed Erica
 11548 | Lair:2   | Killed Erica
 11578 | Lair:2   | Reached **** piety under Makhleb
 11786 | Lair:2   | Reached skill level 16 in Maces & Flails
 12561 | Lair:3   | Reached XP level 13. HP: 37/68 MP: 13/13
 12794 | Lair:3   | Reached skill level 15 in Shields
 13151 | Lair:3   | Reached skill level 1 in Dodging
 13360 | Lair:4   | Reached skill level 5 in Fighting
 13500 | Lair:4   | Reached ***** piety under Makhleb
 13758 | Lair:4   | Found a staircase to the Swamp.
 13779 | Lair:4   | Splashed by an oklob plant's acid

Illustrated notes

Levels and vault maps discovered:
D:1:      dpeg_arrival_arbitrary_a, layout_loops_cross
D:2:      layout_loops_ring
D:3:      layout_rooms, marbit_many_paths, minmay_vboxes
D:4:      layout_cave_pools, minitemple, uniq_blork_the_orc
D:5:      layout_loops_ring, overflow_temple_1_default, serial_shops, shop,
          chequers_ossuary_entry_cave, uniq_grinder
D:6:      kennysheep_kobold_camp, layout_loops_ring, kennysheep_windowed_goal
D:7:      layout_basic, lemuel_crystal_altar, nicolae_ru_sacrificial_ziggurat,
          temple_pool_b
D:8:      layout_basic, enter_bailey_6, kennysheep_decorative_pillar
D:9:      layout_rooms, serial_bayou_pond_b
D:10:     layout_layer_cave, orc_0_dummy, lemuel_tele_altar
D:11:     layout_roguey, david_lair_shrubbed, basic_altar, uniq_josephine,
          uniq_snorg
Temple:   compressed_dpeg_circular_temple
Lair:1:   layout_chaotic_city, minivault_19
Lair:2:   gammafunk_boulding_lane, layout_small_grid, enter_volcano_1,
          uniq_erica
Lair:3:   layout_hall_layers
Lair:4:   layout_misc_corridors, nicolae_swamp_entry_splash_gauntlet,
          spider_nest_entry_funnel_web, st_stairs_12, infiniplex_staircase_pool

Skill      XL: |  1  2  3  4  5  6  7  8  9 10 11 12 13 |
---------------+----------------------------------------+-----
Maces & Flails | 3 4 5 6 7 9 11 13 14 16 | 16.0
Shields        | 4 5 6 7 9 11 12 14 15 | 15.0
Fighting       | 5 |  5.9
Dodging        | 2 |  2.3
Armour         | 4 |  4.7

Action                   |  1- 3 |  4- 6 |  7- 9 | 10-12 | 13-15 || total
-------------------------+-------+-------+-------+-------+-------++-------
Melee: Flail             |    32 |       |       |       |       ||    32
       Whip              |   115 |   130 |   457 |       |       ||   702
       Morningstar       |       |       |   133 |   935 |   323 ||  1391
Evoke: Wand              |       |       |     1 |     6 |       ||     7
  Use: Scroll            |     2 |     4 |    15 |    11 |     2 ||    34
       Potion            |       |       |       |     6 |     1 ||     7
Armor: Scale mail        |    70 |    34 |    74 |       |       ||   178
       Plate armour      |       |       |   178 |   515 |   158 ||   851
Dodge: Dodged            |    47 |    33 |    91 |   188 |    51 ||   410
Block: Kite shield       |    73 |    54 |   271 |   586 |   208 ||  1192

Table legend: (Time is in decaauts)
 A = Elapsed time spent in this place.
 B = Non-inter-level travel time spent in this place.
 C = Inter-level travel time spent in this place.
 D = Time resting spent in this place.
 E = Time spent auto-exploring this place.
 F = Levels seen in this place.
 G = Mean time per level.
                   A        B        C        D        E       F      G
               +--------+--------+--------+--------+--------+-----+--------+
         Total |  13373 |  12663 |    710 |   1132 |   8134 |  20 |  668.7 |
       Dungeon |   8708 |   8069 |    639 |    448 |   5584 |  11 |  791.6 |
        Temple |     94 |     85 |      9 |      0 |     69 |   1 |   94.0 |
          Lair |   3247 |   3186 |     61 |      0 |   2310 |   4 |  811.8 |
         Abyss |    140 |    140 |      0 |     71 |     26 |   2 |   70.0 |
       Ossuary |    897 |    897 |      0 |    561 |    123 |   1 |  897.0 |
        Bailey |    285 |    285 |      0 |     52 |     21 |   1 |  285.0 |
               +--------+--------+--------+--------+--------+-----+--------+

Top non-repeatable levels by time:
    D:10: 1329 daAuts
  Lair:2: 1151 daAuts
     D:6: 1085 daAuts
    D:11: 975 daAuts
 Ossuary: 897 daAuts
  Lair:1: 860 daAuts
     D:1: 843 daAuts
     D:5: 842 daAuts
     D:8: 833 daAuts
     D:7: 751 daAuts
  Lair:3: 671 daAuts
     D:4: 582 daAuts
  Lair:4: 564 daAuts
     D:2: 550 daAuts
     D:9: 478 daAuts
